RL
ROCKY MOUNTAIN OYSTERS @ TULSA TWISTERS
06/03/2059
 
TOP OF THE 1ST
Rocky Mountain Oysters batting - Pitching for Tulsa Twisters : RHP Gavin Good
Pitching: RHP Gavin Good
Batting: RHB Donovan McCain 0-0: Foul Ball, location: 2F
0-1: Ball
1-1: Foul Ball, location: 2F
1-2: Ball
2-2: Ball
3-2: Strikes out looking
Batting: SHB Seth McNeill 0-0: Ground out U3 (Groundball, 23, EV 92.5 MPH)
Batting: LHB Chase Barkow 0-0: Ball
1-0: Swinging Strike
1-1: Ball
2-1: Ball
3-1: Base on Balls
Batting: RHB Ethen Rigotti 0-0: Ball
1-0: Ball
2-0: Called Strike
2-1: Fly out, F7 (Flyball, 78M, EV 90.0 MPH)
Top of the 1st over - 0 runs, 0 hits, 0 errors, 1 left on base; Rocky Mountain 0 - Tulsa 0
BOTTOM OF THE 1ST
Tulsa Twisters batting - Pitching for Rocky Mountain Oysters : RHP Dewayne Martinson
Pitching: RHP Dewayne Martinson
Batting: LHB Lance Townsend 0-0: Reached on error, E3 (Groundball, 3L, EV 106.2 MPH)
Batting: RHB Robbie Berecz 0-0: Ball
1-0: Ball
2-0: Called Strike
2-1: Ball
3-1: Base on Balls
Lance Townsend to second
Batting: LHB Walter Abraham 0-0: Ball
1-0: Called Strike
1-1: Ball
2-1: Swinging Strike
2-2: Ball
3-2: Foul Ball, location: 2F
3-2: Base on Balls
Lance Townsend to third
Robbie Berecz to second
Batting: RHB Wyatt LaFlamme 0-0: SINGLE (Groundball, 6D, EV 108.1 MPH)
Lance Townsend scores
Robbie Berecz to third
Walter Abraham to second
Batting: RHB Lance Abramowitz 0-0: Called Strike
0-1: Fly out, F8 (Line Drive, 78D, EV 96.9 MPH)
Runner from 3rd tags up, SCORES, no throw by CF
Batting: LHB Tyrone Sameer 0-0: Called Strike
0-1: Foul Ball, location: 2F
0-2: Ball
1-2: Strikes out swinging
Batting: RHB Richard Cook 0-0: Ball
1-0: Foul Ball, location: 2F
1-1: Ball
2-1: Foul Ball, location: 2F
2-2: SINGLE (Line Drive, 78S, EV 106.2 MPH)
Walter Abraham to third
Wyatt LaFlamme to second
Runner from 3rd tries for Home, throw by LF and OUT! 7-2
Bottom of the 1st over - 2 runs, 2 hits, 1 error, 2 left on base; Rocky Mountain 0 - Tulsa 2
TOP OF THE 2ND
Rocky Mountain Oysters batting - Pitching for Tulsa Twisters : RHP Gavin Good
Batting: LHB Sebastien Thompson 0-0: Foul Ball, location: 2F
0-1: Called Strike
0-2: Ball
1-2: Ball
2-2: Ball
3-2: Ground out 4-3 (Groundball, 4S, EV 65.6 MPH)
Batting: RHB Jim Needham 0-0: Ball
1-0: Swinging Strike
1-1: Called Strike
1-2: Ball
2-2: Ground out 6-3 (Groundball, 6, EV 88.8 MPH)
Batting: RHB Oscar Craddock 0-0: Ball
1-0: Swinging Strike
1-1: Fly out, F4 (Line Drive, 4, EV 75.0 MPH)
Top of the 2nd over - 0 runs, 0 hits, 0 errors, 0 left on base; Rocky Mountain 0 - Tulsa 2
BOTTOM OF THE 2ND
Tulsa Twisters batting - Pitching for Rocky Mountain Oysters : RHP Dewayne Martinson
Batting: LHB Marco Rosso 0-0: Ground out 6-3 (Groundball, 6M, EV 85.6 MPH)
Batting: RHB Clendon Knott 0-0: Fly out, F9 (Flyball, 9S, EV 75.0 MPH)
Batting: LHB Lance Townsend 0-0: Ball
1-0: Ground out 4-3 (Groundball, 4, EV 86.9 MPH)
Bottom of the 2nd over - 0 runs, 0 hits, 0 errors, 0 left on base; Rocky Mountain 0 - Tulsa 2
TOP OF THE 3RD
Rocky Mountain Oysters batting - Pitching for Tulsa Twisters : RHP Gavin Good
Batting: RHB Phoenix Meade 0-0: Foul Ball, location: 2F
0-1: Ball
1-1: Foul Ball, location: 2F
1-2: Ball
2-2: Foul Ball, location: 2F
2-2: Ball
3-2: Foul Ball, location: 2F
3-2: Strikes out looking
Batting: RHB Mekale Ustohal 0-0: Hit by Pitch
Batting: RHB Donovan McCain 0-0: Foul Ball, location: 2F
0-1: Ball
1-1: Hit by Pitch
Mekale Ustohal to second
Batting: SHB Seth McNeill 0-0: DOUBLE (Flyball, 8LXD, EV 110.6 MPH)
Mekale Ustohal scores
Donovan McCain to third
Runner from 3rd tries for Home, throw by CF and OUT! 8-6-2
Batting: LHB Chase Barkow 0-0: Called Strike
0-1: Ball
1-1: Foul Ball, location: 2F
1-2: Fly out, F7 (Flyball, 78S, EV 83.8 MPH)
Top of the 3rd over - 1 run, 1 hit, 0 errors, 1 left on base; Rocky Mountain 1 - Tulsa 2
BOTTOM OF THE 3RD
Tulsa Twisters batting - Pitching for Rocky Mountain Oysters : RHP Dewayne Martinson
Batting: RHB Robbie Berecz 0-0: Called Strike
0-1: Ball
1-1: Ball
2-1: Foul Ball, location: 2F
2-2: Strikes out swinging
Batting: LHB Walter Abraham 0-0: Called Strike
0-1: Swinging Strike
0-2: Strikes out looking
Batting: RHB Wyatt LaFlamme 0-0: Foul Ball, location: 2F
0-1: Swinging Strike
0-2: SINGLE (Line Drive, 6M, EV 94.4 MPH)
Batting: RHB Lance Abramowitz 0-0: Called Strike
0-1: Ball
1-1: SINGLE (Flyball, 8LS, EV 88.8 MPH)
Wyatt LaFlamme to second
Batting: LHB Tyrone Sameer 0-0: Fielders Choice at 2nd, U4 (Groundball, 4M, EV 81.2 MPH)
Bottom of the 3rd over - 0 runs, 2 hits, 0 errors, 2 left on base; Rocky Mountain 1 - Tulsa 2
TOP OF THE 4TH
Rocky Mountain Oysters batting - Pitching for Tulsa Twisters : RHP Gavin Good
Batting: RHB Ethen Rigotti 0-0: Ball
1-0: Ball
2-0: Called Strike
2-1: Ball
3-1: Base on Balls
Batting: LHB Sebastien Thompson 0-0: Ball
1-0: Ball
2-0: Called Strike
2-1: Ball
3-1: Base on Balls
Ethen Rigotti to second
Batting: RHB Jim Needham 0-0: Ball
1-0: Ball
2-0: Foul Ball, location: 2F
2-1: Foul Ball, location: 2F
2-2: Foul Ball, location: 2F
2-2: Foul Ball, location: 2F
2-2: Fly out, F8 (Flyball, 8LD, EV 101.2 MPH)
Batting: RHB Oscar Craddock 0-0: Grounds into double play, 6-4-3 (Groundball, 6MS, EV 83.1 MPH)
Top of the 4th over - 0 runs, 0 hits, 0 errors, 1 left on base; Rocky Mountain 1 - Tulsa 2
BOTTOM OF THE 4TH
Tulsa Twisters batting - Pitching for Rocky Mountain Oysters : RHP Dewayne Martinson
Batting: RHB Richard Cook 0-0: Ball
1-0: Ball
2-0: Foul Ball, location: 2F
2-1: Called Strike
2-2: Ground out 6-3 (Groundball, 6, EV 87.5 MPH)
Batting: LHB Marco Rosso 0-0: Ball
1-0: Ball
2-0: Ball
3-0: Base on Balls
Batting: RHB Clendon Knott 0-0: Foul Ball, location: 2F
0-1: Ball
1-1: Ball
2-1: SINGLE (Line Drive, 9S, EV 94.4 MPH)
Marco Rosso to second
Runner from 2nd tries for 3rd, SAFE, throw by RF made to third
Batting: LHB Lance Townsend 0-0: Ball
1-0: Foul Ball, location: 2F
1-1: Called Strike
Clendon Knott steals 2nd, throwing error, E2
Marco Rosso scores
Clendon Knott to third
1-2: Ball
2-2: Ball
3-2: Fly out, F9 (Flyball, 9D, EV 94.4 MPH)
Runner from 3rd tags up, SCORES, no throw by RF
Batting: RHB Robbie Berecz 0-0: Called Strike
0-1: Swinging Strike
0-2: Ball
1-2: DOUBLE (Flyball, 8LXD, EV 91.9 MPH)
Batting: LHB Walter Abraham 0-0: Foul Ball, location: 2F
0-1: Ball
1-1: Foul Ball, location: 2F
1-2: Foul Ball, location: 2F
1-2: Foul Ball, location: 2F
1-2: Fly out, F8 (Line Drive, 8RM, EV 104.4 MPH)
Bottom of the 4th over - 2 runs, 2 hits, 1 error, 1 left on base; Rocky Mountain 1 - Tulsa 4
TOP OF THE 5TH
Rocky Mountain Oysters batting - Pitching for Tulsa Twisters : RHP Gavin Good
Batting: RHB Phoenix Meade 0-0: Called Strike
0-1: Fly out, F6 (Line Drive, 6M, EV 94.4 MPH)
Batting: RHB Mekale Ustohal 0-0: Called Strike
0-1: Hit by Pitch
Batting: RHB Donovan McCain 0-0: Ground out 4-3 (Groundball, 4M, EV 99.4 MPH)
Mekale Ustohal to second
Batting: SHB Seth McNeill 0-0: Called Strike
0-1: Foul Ball, location: 2F
0-2: Ball
1-2: Ball
2-2: Ball
3-2: Foul Ball, location: 2F
3-2: Foul Ball, location: 2F
3-2: Ground out 6-3 (Groundball, 6, EV 109.4 MPH)
Top of the 5th over - 0 runs, 0 hits, 0 errors, 1 left on base; Rocky Mountain 1 - Tulsa 4
BOTTOM OF THE 5TH
Tulsa Twisters batting - Pitching for Rocky Mountain Oysters : RHP Dewayne Martinson
Batting: RHB Wyatt LaFlamme 0-0: Ball
1-0: Ball
2-0: SINGLE (Flyball, 89S, EV 86.9 MPH)
Batting: RHB Lance Abramowitz 0-0: Ball
1-0: Swinging Strike
1-1: Grounds into double play, 5-4-3 (Groundball, 5, EV 98.8 MPH)
Batting: LHB Tyrone Sameer 0-0: Ball
1-0: Ground out 4-3 (Groundball, 4S, EV 83.1 MPH)
Bottom of the 5th over - 0 runs, 1 hit, 0 errors, 0 left on base; Rocky Mountain 1 - Tulsa 4
TOP OF THE 6TH
Rocky Mountain Oysters batting - Pitching for Tulsa Twisters : RHP Gavin Good
Batting: LHB Chase Barkow 0-0: Ground out 2-3 (Groundball, 2L, EV 68.8 MPH)
Batting: RHB Ethen Rigotti 0-0: Called Strike
0-1: Called Strike
0-2: Ball
1-2: Ball
2-2: Ball
3-2: Ground out 4-3 (Groundball, 4, EV 103.1 MPH)
Batting: LHB Sebastien Thompson 0-0: Called Strike
0-1: Ground out 5-3 (Groundball, 56, EV 86.2 MPH)
Top of the 6th over - 0 runs, 0 hits, 0 errors, 0 left on base; Rocky Mountain 1 - Tulsa 4
BOTTOM OF THE 6TH
Tulsa Twisters batting - Pitching for Rocky Mountain Oysters : RHP Dewayne Martinson
Batting: RHB Richard Cook 0-0: Ball
1-0: SINGLE (Line Drive, 7S, EV 105.0 MPH)
Batting: LHB Marco Rosso 0-0: Bunted foul
0-1: Bunted foul
0-2: Ball
1-2: Strikes out swinging
Batting: RHB Clendon Knott 0-0: Called Strike
0-1: Foul Ball, location: 2F
0-2: Ball
1-2: Ball
2-2: Strikes out looking
Batting: LHB Lance Townsend 0-0: Called Strike
0-1: Ball
1-1: Called Strike
1-2: Strikes out swinging
Bottom of the 6th over - 0 runs, 1 hit, 0 errors, 1 left on base; Rocky Mountain 1 - Tulsa 4
TOP OF THE 7TH
Rocky Mountain Oysters batting - Pitching for Tulsa Twisters : RHP Gavin Good
Batting: RHB Jim Needham 0-0: SINGLE (Groundball, 6MD, EV 95.0 MPH)
Batting: RHB Oscar Craddock 0-0: Sac Bunt to 15 - play at first, batter OUT! 1-3
Jim Needham to second
Batting: RHB Phoenix Meade 0-0: Called Strike
0-1: Ground out 5-3 (Groundball, 56, EV 81.2 MPH)
Batting: RHB Mekale Ustohal 0-0: Foul Ball, location: 2F
0-1: Foul Ball, location: 2F
0-2: Strikes out looking
Top of the 7th over - 0 runs, 1 hit, 0 errors, 1 left on base; Rocky Mountain 1 - Tulsa 4
BOTTOM OF THE 7TH
Tulsa Twisters batting - Pitching for Rocky Mountain Oysters : RHP Dewayne Martinson
Pitching: RHP Justyn Cannedy
Batting: RHB Robbie Berecz 0-0: Swinging Strike
0-1: Ball
1-1: Foul Ball, location: 2F
1-2: Fly out, F4 (Popup, 4D, EV 55.6 MPH)
Batting: LHB Walter Abraham 0-0: Called Strike
0-1: Fly out, F8 (Flyball, 8LD, EV 98.8 MPH)
Batting: RHB Wyatt LaFlamme 0-0: Ball
1-0: Foul Ball, location: 2F
1-1: Swinging Strike
1-2: Ball
2-2: Ground out 6-3 (Groundball, 6, EV 100.6 MPH)
Bottom of the 7th over - 0 runs, 0 hits, 0 errors, 0 left on base; Rocky Mountain 1 - Tulsa 4
TOP OF THE 8TH
Rocky Mountain Oysters batting - Pitching for Tulsa Twisters : RHP Gavin Good
Batting: RHB Donovan McCain 0-0: DOUBLE (Line Drive, 78D, EV 108.1 MPH)
Batting: SHB Seth McNeill 0-0: Ball
1-0: Ball
2-0: Called Strike
2-1: Foul Ball, location: 2F
2-2: Ball
3-2: Strikes out swinging
Batting: LHB Chase Barkow 0-0: Swinging Strike
0-1: Foul Ball, location: 2F
0-2: Ball
1-2: Strikes out looking
Pitching: RHP Julian McNamara
Batting: RHB Ethen Rigotti 0-0: Called Strike
0-1: 2-RUN HOME RUN (Flyball, 7D, EV 100.0 MPH), Distance : 352 ft
Batting: LHB Sebastien Thompson 0-0: Foul Ball, location: 2F
0-1: Ball
1-1: Ball
2-1: Ball
3-1: Ground out U3 (Groundball, 3L, EV 101.2 MPH)
Top of the 8th over - 2 runs, 2 hits, 0 errors, 0 left on base; Rocky Mountain 3 - Tulsa 4
BOTTOM OF THE 8TH
Tulsa Twisters batting - Pitching for Rocky Mountain Oysters : RHP Justyn Cannedy
Batting: RHB Lance Abramowitz 0-0: Ball
1-0: Called Strike
1-1: Swinging Strike
1-2: Foul Ball, location: 2F
1-2: Foul Ball, location: 2F
1-2: Strikes out looking
Batting: LHB Tyrone Sameer 0-0: Ball
1-0: Fly out, F9 (Line Drive, 9LM, EV 86.2 MPH)
Batting: RHB Richard Cook 0-0: Called Strike
0-1: Foul Ball, location: 2F
0-2: Ball
1-2: Ball
2-2: Foul Ball, location: 2F
2-2: Ball
3-2: Fly out, F8 (Flyball, 8LM, EV 88.8 MPH)
Bottom of the 8th over - 0 runs, 0 hits, 0 errors, 0 left on base; Rocky Mountain 3 - Tulsa 4
TOP OF THE 9TH
Rocky Mountain Oysters batting - Pitching for Tulsa Twisters : RHP Julian McNamara
Now in LF: Torrion Aguilar
Pinch Hitting: LHB Elijah Haddad 0-0: Called Strike
0-1: Ball
1-1: Swinging Strike
1-2: Fly out, F8 (Flyball, 8RM, EV 90.0 MPH)
Pinch Hitting: LHB Abe Ryan 0-0: Ground out 4-3 (Groundball, 4, EV 80.0 MPH)
Pinch Hitting: LHB Sevrin Carreto 0-0: Ball
1-0: Foul Ball, location: 2F
1-1: Ball
2-1: Swinging Strike
2-2: Ball
3-2: Ground out 4-3 (Groundball, 4, EV 84.4 MPH)
Top of the 9th over - 0 runs, 0 hits, 0 errors, 0 left on base; Rocky Mountain 3 - Tulsa 4
Sunday, March 3rd , 2024 - OOTP Baseball 23.10 Build 110